 Dungeon Crawl Stone Soup version 0.26-a0-1181-gd376ed14c5 (webtiles) character file.

Game seed: 10504525897944563155

310 Arthanis the Magician (level 6, 0/32 HPs)
             Began as a Deep Elf Air Elementalist on Dec 25, 2020.
             Killed from afar by a hobgoblin (12 damage)
             ... with a puff of flame
             ... on level 6 of the Dungeon.
             The game lasted 00:06:26 (3662 turns).

Arthanis the Magician (Deep Elf Air Elementalist)   Turns: 3662, Time: 00:06:27

Health: 0/32       AC:  3    Str: 11    XL:     6   Next: 18%
Magic:  13/15      EV: 13    Int: 22    God:
Gold:   141        SH:  0    Dex: 15    Spells: 5/15 levels left

rFire    . . .     SeeInvis .   e - +1 whip (elec)
rCold    . . .     Faith    .   (no shield)
rNeg     . . .     Spirit   .   a - +0 robe
rPois    .         Reflect  .   (no helmet)
rElec    .         Harm     .   (no cloak)
rCorr    .         Rampage  .   (no gloves)
Will     +....                  j - +0 pair of boots
Stlth    ++........             (no amulet)
HPRegen  0.10/turn              t - ring of willpower
MPRegen  0.14/turn              k - +6 ring of strength

@: no status effects
A: no striking features
a: no special abilities


You were on level 6 of the Dungeon.
You visited 1 branch of the dungeon, and saw 6 of its levels.

You collected 141 gold pieces.

Inventory:

Hand Weapons
 e - a +1 whip of electrocution (weapon)
 s - a +0 spear
Armour
 a - a +0 robe (worn)
 j - a +0 pair of boots (worn)
Jewellery
 k - a +6 ring of strength (right hand)
 t - a ring of willpower (left hand)
Scrolls
 b - 2 scrolls of fear {unknown}
 c - 6 scrolls of blinking {unknown}
 g - a scroll of teleportation {unknown}
 l - 2 scrolls of remove curse {unknown}
 o - a scroll of enchant weapon {unknown}
 p - 5 scrolls of identify {unknown}
Potions
 d - a potion of cancellation {unknown}
 f - a potion of might {unknown}
 h - 4 potions of curing {unknown}
 i - 3 potions of attraction {unknown}
 m - a potion of resistance {unknown}
 n - a potion of brilliance {unknown}
 q - a potion of mutation {unknown}
 r - 2 potions of lignification {unknown}
 u - a potion of berserk rage {unknown}


   Skills:
 - Level 2.4 Dodging
 - Level 2.4 Stealth
 + Level 5.0 Spellcasting
 * Level 4.9 Conjurations
 + Level 4.2 Air Magic


You had 5 spell levels left.
You knew the following spells:

 Your Spells              Type           Power        Failure   Level
a - Shock                 Conj/Air       100%         1%          1
b - Airstrike             Air            12%          17%         4
c - Lightning Bolt        Conj/Air       12%          38%         5

Your spell library contained the following spells:

 Spells                   Type           Power        Failure   Level
 Swiftness                Air            24%          2%          2
 Static Discharge         Conj/Air       25%          4%          3


Dungeon Overview and Level Annotations

Branches:
Dungeon (7/15)
 Temple: D:4-7

Altars:
Vehumet

Annotations:
D:3 2 transporters, askman's ghost, weakling DsFi
D:4 3 runed translucent doors, Dracia's ghost, amateur DsFi


Message History

The puff of flame hits you!
Casting: Shock (safe; 1% risk of failure)
Confirm with . or Enter, or press ? or * to list all spells.
Aiming: Shock (safe; 1% risk of failure)
Press: ? - help, Shift-Dir - straight line The zap hits the giant cockroach.
The giant cockroach is severely wounded.
The zap hits the orc!
You kill the orc!
The zap hits the orc.
The orc is lightly wounded.
The zap hits something.
The giant cockroach bites you but does no damage.
The giant cockroach barely misses you.
An iguana comes into view.
The hobgoblin zaps a wand.
The puff of flame misses you.
Found a radiant altar of Vehumet.
An adder skeleton comes into view.
The hobgoblin zaps a wand.
The puff of flame hits you!
You die...

.... ### #+## .#...
..# ##...#### .....#
#.# ##........
._.#..##.###.......#.
...l.....##5.....>...
.#..g....o'o.......#.
.........##).........
.......B.###.o.....#.
#######@## ##>.......
#.# ##.....#. ...
#+#.... ...## .#.
..... .. #.#.#. #
....... #.#Z#.#..


You could see an iguana (wandering), an orc, a giant cockroach, a hobgoblin and
an adder skeleton (wandering).

Vanquished Creatures
  A howler monkey (D:4)
  Jessica (D:3)
  7 gnolls
  8 adders
  2 oozes
  2 worms (D:2)
  5 dart slugs
  3 leopard geckos
  An orc (D:6)
  2 ball pythons
  4 giant cockroaches
  8 goblins
  9 hobgoblins
  9 kobolds
  A quokka (D:2)
  5 bats
  10 frilled lizards
  9 rats
87 creatures vanquished.

Notes
Turn   | Place    | Note
-------+----------+-------------------------------------------
     0 | D:1      | Arthanis the Deep Elf Air Elementalist began the quest for
                  | the Orb.
     0 | D:1      | Reached XP level 1. HP: 10/10 MP: 6/6
   204 | D:1      | Reached XP level 2. HP: 15/15 MP: 4/8
   569 | D:1      | Reached XP level 3. HP: 19/19 MP: 8/10
  1555 | D:2      | Reached XP level 4. HP: 24/24 MP: 9/11
  1772 | D:2      | Reached skill level 4 in Spellcasting
  2608 | D:3      | Reached XP level 5. HP: 28/28 MP: 2/13
  2613 | D:3      | Learned a level 4 spell: Airstrike
  2619 | D:3      | Learned a level 5 spell: Lightning Bolt
  2978 | D:3      | Noticed Jessica
  2980 | D:3      | Killed Jessica
  3278 | D:3      | Found a transporter.
  3279 | D:3      | Noticed askman's ghost (weakling DsFi)
  3286 | D:3      | Noticed an ogre
  3287 | D:3      | Noticed an ogre
  3287 | D:3      | Noticed an ogre
  3297 | D:3      | Found a transporter.
  3460 | D:4      | Found a runed translucent gate.
  3460 | D:4      | Found a runed translucent gate.
  3460 | D:4      | Found a runed translucent gate.
  3460 | D:4      | Noticed Dracia's ghost (amateur DsFi)
  3460 | D:4      | Identified the +5 short sword of the End {drain, rC+ Int+3}
  3487 | D:4      | Reached XP level 6. HP: 32/32 MP: 10/15
  3499 | D:4      | Reached skill level 5 in Spellcasting
  3647 | D:4      | You fall into a shaft and drop 3 floors!
  3647 | D:7      | Noticed an orc warrior
  3660 | D:6      | Found a radiant altar of Vehumet.
  3662 | D:6      | Killed from afar by a hobgoblin

Illustrated notes

Levels and vault maps discovered:
D:1:      lemuel_arrival_hallway, layout_loops_ring
D:2:      minmay_chambers_of_ones, layout_basic, minmay_circle_x
D:3:      layout_basic, gammafunk_ghost_smash, serial_bayou_pond_d, uniq_jessica
D:4:      layout_cave_pods, gammafunk_ghost_nasty_kobolds
D:6:      cheibrodos_quashed, layout_loops_corners, vehumet_altar_wand_db,
          minmay_temple_entry_glass, serial_glass, glass_columns_a,
          glass_columns_c, gammafunk_ghost_hive
D:7:      layout_basic, grunt_ministairs_1, uniq_joseph, uniq_duvessa

Skill      XL: |  1  2  3  4  5  6 |
---------------+-------------------+-----
Conjurations   | 2 3 4 |  4.9
Spellcasting   | 4 5 |  5.0
Air Magic      | 4 |  4.2
Dodging        | |  2.4
Stealth        | |  2.4

Action                   |  1- 3 |  4- 6 || total
-------------------------+-------+-------++-------
Melee: Whip              |     5 |     5 ||    10
 Cast: Shock             |    73 |   111 ||   184
Armor: Robe              |     2 |     3 ||     5
Dodge: Dodged            |    18 |    15 ||    33

Table legend: (Time is in decaauts)
 A = Elapsed time spent in this place.
 B = Non-inter-level travel time spent in this place.
 C = Inter-level travel time spent in this place.
 D = Time resting spent in this place.
 E = Time spent auto-exploring this place.
 F = Levels seen in this place.
 G = Mean time per level.
                   A        B        C        D        E       F      G
               +--------+--------+--------+--------+--------+-----+--------+
         Total |   3660 |   3555 |    105 |     33 |   3041 |   6 |  610.0 |
       Dungeon |   3660 |   3555 |    105 |     33 |   3041 |   6 |  610.0 |
               +--------+--------+--------+--------+--------+-----+--------+

Top non-repeatable levels by time:
     D:2: 1371 daAuts
     D:1: 1149 daAuts
     D:3: 798 daAuts
     D:4: 326 daAuts
     D:6: 11 daAuts
     D:7: 2 daAuts
